 Dungeon Crawl Stone Soup version 0.27.0-1-g7a089689b8 (webtiles) character file.

Game seed: 13111524352376031142

50 emiel the Poker (level 3, -1/34 HPs)
             Began as a Naga Fighter on Aug 8, 2021.
             Killed by divine providence
             ... invoked by an orc priest
              (16 damage)
             ... on level 2 of the Dungeon.
             The game lasted 00:00:49 (1562 turns).

emiel the Poker (Naga Fighter)                      Turns: 1562, Time: 00:00:50

Health: -1/34      AC:  4    Str: 19    XL:     3   Next: 79%
Magic:  3/3        EV:  7    Int:  8    God:
Gold:   49         SH:  0    Dex: 10    Spells: 2/2 levels left

rFire    . . .     SeeInvis +   a - +0 trident
rCold    . . .     Faith    .   (no shield)
rNeg     . . .     Spirit   .   b - +0 scale mail
rPois    +         Reflect  .   (no helmet)
rElec    .         Harm     .   (no cloak)
rCorr    .         Rampage  .   (no gloves)
Will     .....                  (no barding)
Stlth    ..........             (no amulet)
HPRegen  0.11/turn              (no ring)
MPRegen  0.08/turn              (no ring)

@: very slow
A: AC +1, large, see invisible, deformed body, poison resistance, slowness 2,
spit poison 1, naga tail 1
a: Spit Poison


You were on level 2 of the Dungeon.
You visited 1 branch of the dungeon, and saw 2 of its levels.

You collected 49 gold pieces.

Inventory:

Hand Weapons
 a - a +0 trident (weapon)
 h - a +0 dagger of venom
Armour
 b - a +0 scale mail (worn)
Scrolls
 c - 3 scrolls of vulnerability {unknown}
 f - a scroll of fear {unknown}
 g - a scroll of torment {unknown}
Potions
 d - a potion of might
 e - a potion of cancellation {unknown}


   Skills:
 - Level 3.0 Fighting
 * Level 4.0 Polearms
 - Level 2.4 Armour
 - Level 2.4 Shields


You had 2 spell levels left.
You didn't know any spells.
Your spell library was empty.

Dungeon Overview and Level Annotations

Branches:
Dungeon (2/15)

Altars:
Sif Muna


Innate Abilities, Weirdness & Mutations

Your serpentine skin is tough. (AC +1)
You have supernaturally acute eyesight. (SInv)
Armour fits poorly on your strangely shaped body.
Your system is resistant to poisons. (rPois)
You cover ground very slowly.
You can spit poison.
You have a snake-like lower body.


Message History

You feel sick. The adder bites you.
* * * LOW HITPOINT WARNING * * *
You miss the adder.
The adder is almost dead.
* * * LOW HITPOINT WARNING * * *
You feel sick. The adder barely misses you. x2
You completely miss the adder.
The adder is almost dead.
You feel sick.
You kill the adder!
Unknown command.
You start resting.
You have got your breath back.
You feel sick.
You start resting.
You feel sick. x2
You are no longer poisoned.
You start resting.
HP restored.
There is a stone staircase leading down here.
You see here an adder skeleton.
You climb downwards.
The kobold barely misses you.
There is a stone staircase leading up here.
Unknown command.
Press: ? - help, Shift-Dir - straight line, f - kobold
Aim: a kobold, wielding a +0 dagger of venom and quivering stones The splash of poison hits the kobold!
The kobold is poisoned.
You kill the kobold!
Your Polearms skill increases to level 4!
You barely miss the orc. The orc hits you but does no damage.
You puncture the orc!
You kill the orc!
The orc priest calls down the wrath of Beogh upon you.
Beogh smites you!
You closely miss the orc.
You have got your breath back.
The orc hits you with a +0 hand axe.
The endoplasm jiggles.
The orc priest calls down the wrath of Beogh upon you.
Beogh smites you!
You die...

# ##........### # ###........# #
#####....# # ###############.#
#..!....# ####..........##...#
#..._...# ..............##...#
#.......#
####.............#...####.......#
#..........#.####...........$.
#..........(.@oJ#####.........
#...........###g..o###.o......
#...........# ####.)..o.....#
#########...# ##...####o.....
##..####..### ..... #.....).##
###. #..###### #..# #..#


You could see an orc priest, an orc, an endoplasm and a goblin.

Vanquished Creatures
  A gnoll (D:1)
  2 adders
  An orc (D:2)
  2 endoplasms (D:1)
  A giant cockroach (D:1)
  2 goblins (D:1)
  2 jackals (D:1)
  2 ball pythons (D:1)
  A bat (D:1)
  A frilled lizard (D:1)
  4 kobolds
  5 rats
24 creatures vanquished.

Vanquished Creatures (others)
  2 plants (D:1)
2 creatures vanquished.

Grand Total: 26 creatures vanquished

Notes
Turn   | Place    | Note
-------+----------+-------------------------------------------
     0 | D:1      | emiel the Naga Fighter began the quest for the Orb.
     0 | D:1      | Reached XP level 1. HP: 21/21 MP: 1/1
   275 | D:1      | Reached skill level 3 in Polearms
   275 | D:1      | Reached XP level 2. HP: 12/28 MP: 2/2
   744 | D:1      | Reached XP level 3. HP: 34/34 MP: 3/3
  1244 | D:2      | Found a shimmering blue altar of Sif Muna.
  1560 | D:2      | Reached skill level 4 in Polearms
  1562 | D:2      | Killed from afar by an orc priest

Illustrated notes

Levels and vault maps discovered:
D:1:      shiori_arrival_maze, layout_rooms, serial_bayou_ford_a
D:2:      layout_rooms, basic_altar, serial_curves, eino_curves_04,
          eino_curves_04, eino_curves_02, eino_curves_04

Skill      XL: |  1  2  3 |
---------------+----------+-----
Polearms       | 3 4 |  4.0
Fighting       | |  3.0
Armour         | |  2.4
Shields        | |  2.4

Action                   || total
-------------------------++-------
Melee: Trident           ||    74
 Abil: Spit Poison       ||     3
Armor: Scale mail        ||    33
Dodge: Dodged            ||    26
